 Dungeon Crawl Stone Soup version 0.28.0 (webtiles) character file.

Game seed: 7128795980906931886

116533 crazypyro the Tortoise (level 16, -17/157 HPs)
             Began as a Minotaur Fighter on Feb 9, 2022.
             Was an Initiate of Gozag.
             Blown up by an orb spider (72 damage)
             ... with an orb of destruction
             ... on level 1 of the Spider Nest.
             The game lasted 00:43:01 (31467 turns).

crazypyro the Tortoise (Minotaur Fighter)          Turns: 31467, Time: 00:43:01

Health: -17/157    AC: 27    Str: 29    XL:     16   Next: 21%
Magic:  15/15      EV: 15    Int:  2    God:    Gozag
Gold:   2817       SH:  9    Dex: 18    Spells: 15/15 levels left

rFire   + + .      SeeInvis +   z - +7 broad axe (flame)
rCold   . . .      Faith    .   c - +0 buckler
rNeg    . . .      Spirit   .   Q - +3 plate armour {rF+}
rPois   .          Reflect  .   (helmet unavailable)
rElec   .          Harm     .   E - +0 cloak
rCorr   .          Rampage  .   D - +1 pair of gloves
Will    +++..      Rage     50% I - +0 pair of boots
Stlth   ..........              S - necklace of Bloodlust {*Rage Will++ Int-3 Slay+6}
HPRegen 0.36/turn               A - ring of the Marlin {Contam rC- Dex+8 Slay+4 SInv}
MPRegen 0.14/turn               r - ring "Tuviesk" {rF+ rC+}

@: spiked, on berserk cooldown, slowed, studying 3 skills, very slow
A: horns 3, retaliatory headbutt
a: Renounce Religion, Potion Petition, Call Merchant, Bribe Branch


You were on level 1 of the Spider Nest.
You worshipped Gozag.
Gozag was most pleased with you.
You visited 4 branches of the dungeon, and saw 24 of its levels.

You collected 8545 gold pieces.
You spent 5279 gold pieces at shops.
You paid 449 gold pieces to Gozag.

Inventory:

Hand Weapons
 a - a +1 vorpal war axe
 z - a +7 broad axe of flaming (weapon)
 T - a +1 broad axe
Missiles
 s - 6 throwing nets (quivered)
Armour
 c - a +0 buckler (worn)
 D - a +1 pair of gloves (worn)
 E - a +0 cloak (worn)
 G - the +4 scale mail of Miymilee {+Blink rF- Will++ MP+9}
   (You found it on level 10 of the Dungeon)

   rF:        It makes you vulnerable to fire.
   MP:        It affects your magic capacity (+9).
   +Blink:    It lets you blink.
   Will:      It greatly increases your willpower.
 I - a +0 pair of boots (worn)
 J - the +3 crown of Dyrovepreva {rElec Int+2 SInv}
   (You bought it in a shop on level 10 of the Dungeon)

   Int:       It affects your intelligence (+2).
   rElec:     It insulates you from electricity.
   SInv:      It lets you see invisible.
 Q - a +3 plate armour of fire resistance (worn)
 V - a +1 chain mail of poison resistance
Jewellery
 b - a ring of positive energy
 r - the ring "Tuviesk" (right hand) {rF+ rC+}
   (You bought it in a shop on level 14 of the Dungeon)

   [ring of protection from cold]

   rF:        It protects you from fire.
   rC:        It protects you from cold.
 v - a +4 ring of evasion
 A - the ring of the Marlin (left hand) {Contam rC- Dex+8 Slay+4 SInv}
   (You acquired it on level 9 of the Dungeon)

   [ring of slaying]

   Dex:       It affects your dexterity (+8).
   Slay:      It affects your accuracy & damage with ranged weapons and melee
   (+4).
   rC:        It makes you vulnerable to cold.
   SInv:      It lets you see invisible.
   Contam:    It causes magical contamination when unequipped.
 P - a ring of willpower
 S - the necklace of Bloodlust (around neck) {*Rage Will++ Int-3 Slay+6}
   (You found it on level 1 of the Orcish Mines)

   [amulet of nothing]

   It extends the wearer's berserk rage when killing foes.
   Int:       It affects your intelligence (-3).
   Slay:      It affects your accuracy & damage with ranged weapons and melee
   (+6).
   *Rage:     It berserks you when you make melee attacks (+50% chance).
   Will:      It greatly increases your willpower.
 X - a ring of flight
 Y - a ring of protection from cold
Wands
 l - a wand of polymorph (7)
 n - a wand of flame (52)
 o - a wand of iceblast (9)
 x - a wand of paralysis (17)
 y - a wand of acid (3)
 B - a wand of mindburst (15)
 N - a wand of charming (2)
Scrolls
 d - a scroll of fog
 j - 6 scrolls of amnesia
 k - 3 scrolls of magic mapping
 q - 6 scrolls of teleportation
 u - a scroll of identify
 O - a scroll of holy word
 W - 2 scrolls of fear
 Z - a scroll of summoning
Potions
 e - 10 potions of curing
 f - 7 potions of flight
 g - 3 potions of brilliance
 h - a potion of resistance
 i - a potion of heal wounds
 m - 3 potions of berserk rage
 p - a potion of haste
 t - 4 potions of invisibility
 w - 2 potions of attraction
 C - 2 potions of lignification
 H - 2 potions of might
 M - a potion of cancellation


   Skills:
 - Level 17.6 Fighting
 - Level 15.1 Axes
 - Level 17.6 Armour
 + Level 13.6 Dodging
 + Level 15.8 Shields


You had 15 spell levels left.
You didn't know any spells.
Your spell library contained the following spells:

 Spells                   Type           Power      Damage    Failure   Level
 Animate Skeleton         Necr           0%         N/A       98%         1
 Pain                     Necr           0%         1d4       98%         1
 Sting                    Tmut/Pois      0%         1d3       98%         1
 Poisonous Vapours        Pois/Air       0%         N/A       99%         2
 Scorch                   Fire           0%         2d5       99%         2
 Confusing Touch          Hex            0%         N/A       100%        3
 Conjure Flame            Conj/Fire      0%         6-21      100%        3
 Ignite Poison            Fire/Tmut/Pois 0%         N/A       100%        3
 Inner Flame              Hex/Fire       0%         N/A       100%        3
 Mephitic Cloud           Conj/Pois/Air  0%         N/A       100%        3
 Ozocubu's Armour         Ice            0%         N/A       100%        3
 Stone Arrow              Conj/Erth      0%         3d7       100%        3
 Summon Guardian Golem    Hex/Summ       0%         N/A       100%        3
 Tukima's Dance           Hex            0%         N/A       100%        3
 Vampiric Draining        Necr           0%         2d6       100%        3
 Cause Fear               Hex            0%         N/A       100%        4
 Flame Wave               Conj/Fire      0%         2d4       100%        4
 Hailstorm                Conj/Ice       0%         3d3       100%        4
 Ice Form                 Ice/Tmut       0%         N/A       100%        4
 Olgreb's Toxic Radiance  Pois           0%         N/A       100%        4
 Passage of Golubria      Tloc           0%         N/A       100%        4
 Petrify                  Tmut/Erth      0%         N/A       100%        4
 Sticky Flame             Conj/Fire      0%         2d3       100%        4
 Agony                    Necr           0%         N/A       100%        5
 Excruciating Wounds      Necr           0%         N/A       100%        5
 Freezing Cloud           Conj/Ice/Air   0%         6-21      100%        5
 Iskenderun's Battlesphe  Conj           0%         2d6       100%        5
 Metabolic Englaciation   Hex/Ice        0%         N/A       100%        5
 Yara's Violent Unravell  Hex/Tmut       0%         3d3       100%        5
 Simulacrum               Ice/Necr       0%         N/A       100%        6
 Statue Form              Tmut/Erth      0%         N/A       100%        6
 Summon Cactus Giant      Summ           0%         N/A       100%        6
 Orb of Destruction       Conj           0%         9d5       100%        7
 Spellforged Servitor     Conj/Summ      0%         N/A       100%        7
 Discord                  Hex            0%         N/A       100%        8
 Lehudib's Crystal Spear  Conj/Erth      0%         10d2      100%        8


Dungeon Overview and Level Annotations

Branches:
Dungeon (15/15) Temple (0/1) D:7 Lair (6/6) D:10 Shoals (0/4) Lair:2 Spider (1/4) Lair:4 Slime (0/5) Lair:6 Orc (2/2) D:9 Elf (0/3) Orc:2 Vaults (0/5) D:12 D:13 Depths (0/4) D:15

Altars:
Fedhas
Gozag
Qazlal
Trog
Vehumet
Xom
The Shining One
Beogh

Shops:
D:10 [   D:14 :?*=   Orc:2 :*(=

Annotations:
D:14 2 transporters, Amidud's ghost, journeyman DgWn
Lair:1 exclusion: 2 oklob plants


Innate Abilities, Weirdness & Mutations

You have a pair of large horns on your head.
You reflexively headbutt those who attack you in melee.


Message History

The orb spider is no longer distracted by gold.
The demonic crawler is no longer distracted by gold.
The orb spider is distracted by your dazzling golden aura.
The barbs in your skin will harm you if you move.
Continue? [Y]es or [N]o only, please.
The barbs in your skin will harm you if you move.
Continue?
Okay, then.
The barbs in your skin will harm you if you move.
Continue? [Y]es or [N]o only, please.
The barbs in your skin will harm you if you move.
Continue? [Y]es or [N]o only, please.
The barbs in your skin will harm you if you move.
Continue?
The barbed spikes dig painfully into your body as you move.
The demonic crawler shrieks in warning!
The orb spider hisses angrily.
You hear an angry hiss.
Things that are here:
12 gold pieces; a scroll of identify You slash the demonic crawler!
You burn the demonic crawler.
The demonic crawler is lightly wounded.
The demonic crawler completely misses you.
You block the demonic crawler's attack.
The demonic crawler hits you but does no damage.
The demonic crawler is distracted by your dazzling golden aura.
You catch the helpless demonic crawler completely off-guard!
You slice the demonic crawler!!
The demonic crawler is no longer distracted by gold.
You headbutt the demonic crawler!
The demonic crawler is almost dead.
The demonic crawler hits you. x2; You block the demonic crawler's attack.
You hit the demonic crawler. You burn the demonic crawler.
You headbutt the demonic crawler.
You kill the demonic crawler!
The orb spider is no longer distracted by gold.
The orb spider weaves a glowing orb of energy.
An orb of destruction comes into view.
The barbed spikes dig painfully into your body as you move.
You see here 6 gold pieces.
The barbed spikes dig painfully into your body as you move.
The orb of destruction hits you!!!!
You die...

..(..................
.............#.......
..>.$................
..#..................
........(............
.................^...
.........$.$........
......$$$$$$.......
........@☼.?......
..........○○s.....
............○.....
.$.......#........
.........#........
.................. $
.................
......... .....


You could see an orb spider.

Vanquished Creatures
  Rupert (D:12)
  A stone giant (Orc:1)
  An entropy weaver (Spider:1)
  Nessos (D:14)
  A spark wasp (Spider:1)
  An ettin (D:15)
  Snorg (D:10)
  A fire dragon (Lair:6)
  3 boulder beetles
  Fannar (D:10)
  Harold (D:9)
  12 hydras
  A catoblepas (D:15)
  6 centaur warriors
  9 two-headed ogres
  3 tengu warriors (D:15)
  A deep troll earth mage (D:11)
  Urug (Lair:2)
  4 orc high priests (Orc:2)
  Sonja (D:10)
  12 skeletal warriors
  2 steelbarb worms (Spider:1)
  A wizard (D:15)
  2 deep trolls
  3 wolf spiders (Spider:1)
  A necromancer (D:15)
  8 orc knights
  A lindwurm (Lair:6)
  3 ugly things
  6 orc sorcerers
  4 deep elf pyromancers
  4 manticores
  14 elephants
  11 cyclopes
  5 black mambas
  3 molten gargoyles (Lair:6)
  A torpor snail (Lair:3)
  17 cane toads
  2 gargoyles (D:13)
  2 demonic crawlers (Spider:1)
  Maggie (Lair:2)
  An unseen horror (D:12)
  2 kobold demonologists (D:11)
  6 yaktaurs
  A freezing wraith (D:15)
  3 efreet
  15 komodo dragons
  2 rime drakes
  A troll (shapeshifter) (D:14)
  A silent spectre (Orc:1)
  10 trolls
  3 meliai (Spider:1)
  2 tengu conjurers
  2 polar bears
  5 slime creatures (D:12)
  A tarantella (Spider:1)
  7 dream sheep
  6 jumping spiders
  A centaur simulacrum (D:12)
  2 culicivoras (Spider:1)
  2 shadows
  Sigmund (D:4)
  2 wraiths
  A vampire (D:9)
  A human (shapeshifter) (D:14)
  7 wyverns
  8 basilisks
  15 humans
  46 yaks
  17 vampire mosquitoes
  11 redbacks (Spider:1)
  4 wargs
  3 steam dragons (Lair:6)
  3 acid dragons
  16 water moccasins
  4 hell hounds (Lair:6)
  2 ice beasts
  4 sky beasts
  A hornet zombie (D:7)
  An ice beast (shapeshifter) (D:13)
  22 orc warriors
  8 ogres
  16 wolves
  23 centaurs
  3 kobold brigands
  4 scorpions
  13 bullfrogs
  A water moccasin zombie (D:6)
  A wyvern skeleton (D:5)
  4 killer bees
  15 wights
  5 howler monkeys
  2 electric eels (D:14)
  17 jellies
  4 lava snakes (Lair:6)
  9 centaur zombies
  4 hounds
  2 iguanas (D:5)
  15 orc priests
  3 centaur skeletons
  Jessica (D:3)
  34 orc wizards
  3 howler monkey zombies
  4 gnolls (D:4)
  6 adders
  A howler monkey skeleton (D:5)
  2 white imps (D:6)
  An ufetubus (D:5)
  An adder skeleton (D:5)
  2 dart slugs
  78 orcs
  4 bats
  4 endoplasms
  4 giant cockroaches
  7 goblins
  6 hobgoblins
  A jackal (D:2)
  8 kobolds
  6 quokkas
  5 ball pythons
  A frilled lizard (D:1)
  5 rats
729 creatures vanquished.

Vanquished Creatures (others)
  A human (D:13)
  2 orc wizards (Orc:2)
  19 fungi
  34 plants
56 creatures vanquished.

Grand Total: 785 creatures vanquished

Notes
Turn   | Place    | Note
-------+----------+-------------------------------------------
     0 | D:1      | crazypyro the Minotaur Fighter began the quest for the Orb.
     0 | D:1      | Reached XP level 1. HP: 19/19 MP: 0/0
    84 | D:1      | Reached XP level 2. HP: 20/27 MP: 1/1
   554 | D:2      | Reached XP level 3. HP: 28/33 MP: 2/2
   821 | D:2      | Reached skill level 5 in Axes
  1149 | D:3      | Noticed Jessica
  1155 | D:3      | Killed Jessica
  1156 | D:3      | Reached XP level 4. HP: 28/40 MP: 3/3
  1801 | D:4      | Noticed Sigmund
  1808 | D:4      | Killed Sigmund
  1809 | D:4      | Reached XP level 5. HP: 44/46 MP: 4/4
  1835 | D:4      | Noticed an ice beast
  1841 | D:4      | Killed an ice beast
  1842 | D:4      | Reached XP level 6. HP: 18/52 MP: 5/5
  2533 | D:1      | Found a faded altar of an unknown god.
  2565 | D:1      | Reached XP level 7. HP: 58/58 MP: 6/6
  3497 | D:5      | Entered Level 5 of the Dungeon
  3513 | D:5      | Reached skill level 10 in Axes
  3937 | D:5      | Reached XP level 8. HP: 66/66 MP: 7/7
  4154 | D:5      | Found an opulent altar of Gozag.
  4167 | D:5      | Became a worshipper of Gozag Ym Sagoz the Greedy
  4897 | D:6      | Reached skill level 5 in Fighting
  4897 | D:6      | Reached skill level 5 in Armour
  5660 | D:6      | Reached XP level 9. HP: 24/75 MP: 8/8
  6412 | D:7      | Found a shimmering altar of Xom.
  6769 | D:7      | Found a staircase to the Ecumenical Temple.
  7960 | D:8      | Found a stormy altar of Qazlal.
  8200 | D:8      | Reached XP level 10. HP: 77/91 MP: 9/9
  8485 | D:9      | Noticed Harold
  8494 | D:9      | Killed Harold
  8495 | D:9      | Reached skill level 10 in Fighting
  8495 | D:9      | Reached skill level 10 in Armour
  8730 | D:9      | Identified a scroll of acquirement
  8730 | D:9      | Acquired the ring of the Marlin {Contam rC- Dex+8 Slay+4
                  | SInv}
  9126 | D:9      | Found a staircase to the Orcish Mines.
  9174 | D:9      | Found a glowing golden altar of the Shining One.
  9374 | D:10     | Entered Level 10 of the Dungeon
  9374 | D:10     | Found a staircase to the Lair.
  9548 | D:10     | Noticed Sonja
  9579 | D:10     | Noticed Snorg
  9583 | D:10     | Killed Snorg
  9737 | D:10     | Noticed Fannar
 10029 | D:10     | Killed Fannar
 10030 | D:10     | Reached XP level 11. HP: 78/104 MP: 10/10
 10573 | D:10     | Killed Sonja
 11004 | D:10     | Identified the +4 scale mail of Miymilee {+Blink rF- Will++
                  | MP+9}
 11284 | Lair:1   | Entered Level 1 of the Lair of Beasts
 11671 | Lair:1   | Noticed a seven-headed hydra
 11677 | Lair:1   | Killed a seven-headed hydra
 12101 | Lair:1   | Reached XP level 12. HP: 37/118 MP: 11/11
 12794 | Lair:1   | Found a blossoming altar of Fedhas.
 13698 | Lair:2   | Noticed Urug
 13710 | Lair:2   | Killed Urug
 13711 | Lair:2   | Reached skill level 15 in Fighting
 13711 | Lair:2   | Reached skill level 15 in Armour
 13866 | Lair:3   | HP: 6/121 [poisoned by a water moccasin]
 14555 | Lair:2   | Noticed Maggie
 14567 | Lair:2   | Killed Maggie
 14680 | Lair:2   | Noticed an eight-headed hydra
 14687 | Lair:2   | Killed an eight-headed hydra
 14915 | Lair:2   | Found a staircase to the Shoals.
 15519 | D:10     | Bought the +3 crown of Dyrovepreva {rElec Int+2 SInv} for
                  | 1614 gold pieces
 15519 | D:10     | Found the +3 crown of Dyrovepreva {rElec Int+2 SInv}
 15900 | Lair:3   | Noticed a four-headed hydra
 15911 | Lair:3   | Killed a four-headed hydra
 16914 | Lair:4   | Found a hole to the Spider Nest.
 17505 | Lair:4   | Reached XP level 13. HP: 102/130 MP: 12/12
 17739 | Lair:5   | Got the Incunabulum of Confrontation and the Blaze
 17951 | Lair:5   | Gained mutation: Your spells are a little easier to cast,
                  | but a little less powerful. [potion of mutation]
 17951 | Lair:5   | Gained mutation: You do not regenerate when monsters are
                  | visible. [potion of mutation]
 17951 | Lair:5   | Gained mutation: You have sharp fingernails. [potion of
                  | mutation]
 17951 | Lair:5   | Gained mutation: You have a pair of large horns on your
                  | head. [potion of mutation]
 17952 | Lair:5   | Lost mutation: Your spells are a little easier to cast, but
                  | a little less powerful. [potion of mutation]
 17952 | Lair:5   | Lost mutation: You have sharp fingernails. [potion of
                  | mutation]
 17952 | Lair:5   | Lost mutation: You have a pair of large horns on your head.
                  | [potion of mutation]
 17952 | Lair:5   | Gained mutation: You have a pair of large horns on your
                  | head. [potion of mutation]
 17952 | Lair:5   | Lost mutation: You do not regenerate when monsters are
                  | visible. [potion of mutation]
 18902 | Lair:6   | Entered Level 6 of the Lair of Beasts
 19100 | Lair:6   | Found a staircase to the Slime Pits.
 19746 | Lair:6   | HP: 5/133 [rime drake/flash freeze (3)]
 19747 | Lair:6   | Reached skill level 15 in Axes
 20631 | Lair:6   | Noticed a fire dragon
 20632 | Lair:6   | Found a large runed translucent door.
 20665 | Lair:6   | Reached skill level 1 in Dodging
 20911 | Lair:6   | Found a large runed translucent door.
 20943 | Lair:6   | Reached XP level 14. HP: 61/141 MP: 13/13
 21535 | Lair:6   | Reached skill level 5 in Shields
 21922 | D:10     | Bought a glowing plate armour for 1014 gold pieces
 21973 | Orc:1    | Entered Level 1 of the Orcish Mines
 22319 | Orc:1    | Found a radiant altar of Vehumet.
 22370 | Orc:1    | Found a transporter.
 22674 | Orc:1    | Noticed a stone giant
 22788 | Orc:2    | Entered Level 2 of the Orcish Mines
 23170 | Orc:2    | Found a staircase to the Elven Halls.
 23204 | Orc:2    | Found a bloodstained altar of Trog.
 23634 | Orc:2    | Found Mefuammy's Jewellery Emporium.
 23961 | Orc:2    | Reached skill level 5 in Dodging
 24653 | Orc:2    | Found Namnot's Book Emporium.
 24654 | Orc:2    | Found Xutost's Weapon Shop.
 24654 | Orc:2    | Found Niluwnu's Assorted Antiques.
 24872 | Orc:2    | Bought an amulet of reflection for 420 gold pieces
 25011 | Orc:1    | Found a transporter.
 25011 | Orc:1    | Found a runed translucent door.
 25011 | Orc:1    | Found a bloodstained altar of Trog.
 25011 | Orc:1    | Found the necklace of Bloodlust {*Rage Will++ Int-3 Slay+6}
 25013 | Orc:1    | Noticed a deep elf sorcerer
 25015 | Orc:1    | Noticed a deep elf elementalist
 25026 | Orc:1    | Killed a stone giant
 25058 | Orc:1    | Identified the +1 plate armour of Sapovvag {Str+4 Int+2
                  | SInv}
 25060 | Orc:1    | Noticed a deep elf elementalist
 25071 | Orc:1    | Got Savex's Handbook of Ice and Beguiling
 25988 | D:12     | Reached skill level 10 in Shields
 26428 | D:12     | Reached XP level 15. HP: 148/148 MP: 14/14
 26612 | D:12     | Reached skill level 10 in Dodging
 26735 | D:12     | Identified the +3 flail of Xakhoer {chaos, Str+7 SInv}
 27130 | D:13     | Noticed Rupert
 27130 | D:13     | Found a gate to the Vaults.
 27147 | D:12     | Killed Rupert
 28199 | Orc:2    | Bought a ring of protection from cold for 350 gold pieces
 28396 | D:14     | Noticed Nessos
 28404 | D:14     | HP: 6/148 [Nessos/arrow (9)]
 28405 | D:15     | Entered Level 15 of the Dungeon
 28828 | D:15     | Found a staircase to the Depths.
 30308 | D:14     | Noticed an orc warlord
 30391 | D:14     | Found Ephuov's Jewellery Boutique.
 30404 | D:14     | Bought the ring "Tuviesk" {rF+ rC+} for 546 gold pieces
 30433 | D:14     | Found Riluicei's General Store.
 30434 | D:14     | Found a bloodstained altar of Trog.
 30485 | D:14     | Found Edirhec's Magic Scroll Boutique.
 30491 | D:14     | Found a blossoming altar of Fedhas.
 30528 | D:14     | Bought a scroll of enchant weapon for 135 gold pieces
 30848 | D:14     | Killed Nessos
 30849 | D:14     | Reached XP level 16. HP: 157/157 MP: 15/15
 30935 | D:14     | Found a transporter.
 30935 | D:14     | Found a transporter.
 30968 | D:14     | Noticed Amidud's ghost (journeyman DgWn)
 31020 | D:14     | Found Jilev's Book Boutique.
 31038 | D:14     | Bought a manual of Shields for 1200 gold pieces
 31244 | Spider:1 | Entered Level 1 of the Spider Nest
 31365 | Spider:1 | Reached skill level 15 in Shields
 31467 | Spider:1 | Blown up by an orb spider

Illustrated notes

Levels and vault maps discovered:
D:1:      dpeg_arrival_simpleton_c, layout_rooms, ebering_ecumenical_altar_box
D:2:      layout_loops_corners, serial_forest, infiniplex_forest_lined_corner,
          infiniplex_forest_straight_5, infiniplex_forest_straight_4,
          infiniplex_forest_clump_diagonal, infiniplex_forest_zigzag_1,
          infiniplex_forest_lined_corner, minivault_26, serial_bayou_pond_b
D:3:      layout_basic, uniq_jessica
D:4:      layout_basic, grunt_decor_one_mirror, uniq_sigmund
D:5:      layout_loops_ring, old_standard_altar, minmay_manual_mullet
D:6:      hellmonk_warped_wall, layout_basic
D:7:      layout_loops_cross, mainiacjoe_overflow_brackets,
          minmay_temple_entry_statues_fountains, grunt_decor_arrowhead
D:8:      layout_gridville, nicolae_qazlal_scattered_showers
D:9:      layout_roguey, mainiacjoe_overflow_alcove_4, hiddenorc1_lemuel,
          uniq_harold
D:10:     nicolae_cairo_tiling, layout_rooms, erik_lair_orcish_takeover,
          chequers_mini_garden, uniq_snorg, uniq_sonja, uniq_fannar
D:11:     nzn_winding_woodlands_three_and_one
          [nzn_winding_woodlands_5x15_river_crossing,
          nzn_winding_woodlands_5x15_zeroes, nzn_winding_woodlands_5x15_crooked,
          nzn_winding_woodlands_center_diamonds], layout_rooms
D:12:     cheibrodos_ideogram_h, layout_basic, serial_corexii_hall,
          corexii_hall_statues_i, corexii_hall_statues_i
D:13:     layout_rooms, david_vaults_3
D:14:     layout_basic, old_standard_altar, serial_shops, nicolae_shop_crystal,
          kennysheep_little_box, nicolae_shop_hallway_plus,
          nicolae_diamond_shop, gammafunk_ghost_wrathful_warriors,
          minmay_starry_boxes, uniq_nessos
D:15:     hangedman_depths_entry_civil_slaughter, layout_basic,
          dk_noncrumbling_4, lemuel_old_faithful
Lair:1:   layout_long_grid, hangedman_tree_tricks, beast_lair_carwin_6
Lair:2:   layout_regular_city, minmay_shoals_entry_centaurs,
          serial_bayou_shore_b, uniq_urug, uniq_maggie
Lair:3:   layout_regular_city
Lair:4:   layout_regular_city, spider_nest_entry_a, grunt_megastairs_3,
          serial_bayou_shore_a, serial_bayou_shore_b, serial_bayou_shore_b,
          serial_bayou_shore_b
Lair:5:   layout_regular_city
Lair:6:   cheibrodos_lair_end_hotspot, layout_regular_city,
          minmay_slime_entry_jelly_boxes, chequers_serial_rivers_micro_c
Spider:1: layout_spider_delve
Orc:1:    emtedronai_trogs_sanctum, layout_diamond_mine,
          nicolae_orc_pool_cavern, hangedman_feature_mirror,
          nicolae_orc_lava_room
Orc:2:    st_orc_elflike, layout_caves, basic_altar

Skill      XL: |  1  2  3  4  5  6  7  8  9 10 11 12 13 14 15 16 |
---------------+-------------------------------------------------+-----
Axes           | 3 4 5 7 8 9 11 12 13 15 | 15.1
Fighting       | 6 9 12 14 16 17 | 17.6
Armour         | 6 9 12 14 16 17 | 17.6
Dodging        | 2 9 12 13 | 13.6
Shields        | 4 10 14 15 | 15.8

Action                   |  1- 3 |  4- 6 |  7- 9 | 10-12 | 13-15 | 16-18 || total
-------------------------+-------+-------+-------+-------+-------+-------++-------
Melee: War axe           |    59 |    73 |   302 |   386 |   500 |       ||  1320
       Headbutt          |     6 |    10 |    49 |    95 |   211 |    10 ||   381
       Morningstar       |       |       |       |    12 |    24 |       ||    36
       Broad axe         |       |       |       |       |   340 |    61 ||   401
Invok: Call Merchant     |       |       |       |     1 |       |       ||     1
  Use: Scroll            |       |       |    14 |     4 |    17 |       ||    35
       Potion            |       |       |       |     2 |     6 |       ||     8
 Stab: Distracted        |       |       |     2 |     2 |    13 |     1 ||    18
Armor: Scale mail        |    29 |    23 |    47 |       |       |       ||    99
       Plate armour      |       |       |   123 |   223 |   519 |    40 ||   905
Dodge: Dodged            |    30 |    29 |   104 |   186 |   423 |    33 ||   805
Block: Buckler           |     6 |     8 |    69 |   118 |   258 |    26 ||   485
